 Dungeon Crawl Stone Soup version 0.30.0-19-g36f170ea60 (webtiles) character file.

Game seed: 15972723671457623974

1364 PoweredByGinger the Conjurer (level 8, 0/52 HPs)
             Began as a Human Conjurer on June 2, 2023.
             Was a Follower of Sif Muna.
             Slain by an ice beast (4 damage)
             ... on level 6 of the Dungeon.
             The game lasted 00:10:38 (6626 turns).

PoweredByGinger the Conjurer (Human Conjurer)       Turns: 6626, Time: 00:10:39

Health: 0/52       AC:  2    Str:  9    XL:     8   Next: 96%
Magic:  4/16       EV: 13    Int: 20    God:    Sif Muna [*.....]
Gold:   217        SH:  0    Dex: 11    Spells: 5/18 levels left

rFire   . . .        d - +1 dagger (elec)
rCold   . . .        (no shield)
rNeg    . . .        t - +0 robe {Will+}
rPois   .            (no helmet)
rElec   .            (no cloak)
rCorr   .            (no gloves)
SInv    .            (no boots)
Will    +....        (no amulet)
Stlth   +++          (no ring)
HPRegen 0.28/turn    (no ring)
MPRegen 0.15/turn

%: no passive effects
@: no status effects
A: no striking features
a: Renounce Religion, Channel Magic


You were on level 6 of the Dungeon.
You worshipped Sif Muna.
Sif Muna was aware of your devotion.
You visited 2 branches of the dungeon, and saw 7 of its levels.

You collected 217 gold pieces.

Inventory:

Hand Weapons
 d - a +1 dagger of electrocution (weapon)
 B - a +0 quarterstaff
Missiles
 x - a throwing net
Armour
 t - a +0 robe of willpower (worn)
Magical Staves
 y - a staff of cold
Jewellery
 p - a ring of protection from cold
 q - an amulet of the acrobat
 r - a ring of flight
Wands
 w - a wand of flame (9)
 z - a wand of digging (2)
Scrolls
 g - a scroll of torment {unknown}
 j - 2 scrolls of vulnerability {unknown}
 k - 3 scrolls of blinking {unknown}
 l - 12 scrolls of identify {unknown}
 m - a scroll of noise {unknown}
 o - 4 scrolls of teleportation {unknown}
 s - a scroll of fog {unknown}
 u - 3 scrolls of magic mapping {unknown}
 v - a scroll of enchant armour {unknown}
 A - a scroll of fear {unknown}
Potions
 a - a potion of attraction {unknown}
 b - a potion of magic
 c - 7 potions of curing {unknown}
 e - 2 potions of berserk rage {unknown}
 f - 4 potions of mutation {unknown}
 h - 2 potions of heal wounds {unknown}
 i - 3 potions of brilliance {unknown}
 n - a potion of cancellation {unknown}


   Skills:
 + Level 4.6 Dodging
 + Level 4.9 Stealth
 * Level 5.6 Spellcasting
 * Level 7.2 Conjurations


You had 5 spell levels left.
You knew the following spells:

 Your Spells              Type           Power      Damage    Failure   Level
a - Magic Dart            Conj           100%       1d8       1%          1
b - Searing Ray           Conj           68%        2d6       1%          2
c - Dazzling Flash        Conj/Hex       40%        N/A       8%          3
d - Mephitic Cloud        Conj/Pois/Air  15%        N/A       12%         3
e - Iskenderun's Mystic   Conj/Tloc      20%        2d6       24%         4

Your spell library contained the following spells:

 Spells                   Type           Power      Damage    Failure   Level
 Call Imp                 Summ           10%        N/A       16%         2
 Lesser Beckoning         Tloc           10%        N/A       16%         2
 Fulminant Prism          Conj/Hex       10%        3d9       24%         4
 Frozen Ramparts          Ice            10%        1d2       32%         3
 Gell's Gravitas          Tloc           5%         N/A       32%         3
 Teleport Other           Tloc           5%         N/A       32%         3
 Ice Form                 Ice/Tmut       5%         N/A       71%         4
 Summon Ice Beast         Ice/Summ       5%         N/A       71%         4
 Agony                    Necr           5%         N/A       96%         5
 Silence                  Hex/Air        2%         N/A       96%         5


Dungeon Overview and Level Annotations

Branches:
Dungeon (6/15)             Temple (1/1) D:4

Altars:
Ashenzari
Cheibriados
Dithmenos
Fedhas
Gozag
Hepliaklqana
Kikubaaqudgha
Makhleb
Nemelex Xobeh
Okawaru
Qazlal
Ru
Sif Muna
Trog
Uskayaw
Vehumet
Wu Jian
Xom
Yredelemnul
Zin
The Shining One

Shops:
D:1 *

Annotations:
D:5 1 runed translucent door, superbruh's ghost, novice FoFi


Message History

Casting: Magic Dart (safe; 1% risk of failure)
Confirm with . or Enter, or press ? or * to list all spells.
Aiming: Searing Ray (safe; 1% risk of failure)
Press: ? - help, Shift-Dir - straight line, f/p - ice beast
Aim: an ice beast (lightly wounded, 81% to hit)
The searing ray hits the ice beast.
The ice beast is moderately wounded. (Press . to maintain the ray.)
The searing ray misses the ice beast.
The ice beast hits you. The ice beast freezes you.
The searing ray hits the ice beast.
The ice beast is heavily wounded.
The ice beast barely misses you.
The searing ray hits the ice beast.
The ice beast is severely wounded.
You finish channelling your searing ray.
The ice beast hits you. The ice beast freezes you!
Casting: Searing Ray (safe; 1% risk of failure)
Confirm with . or Enter, or press ? or * to list all spells.
Aiming: Searing Ray (safe; 1% risk of failure)
Press: ? - help, Shift-Dir - straight line, f/p - ice beast
Aim: an ice beast (severely wounded, 81% to hit)
The searing ray hits the ice beast but does no damage.
The ice beast is severely wounded. (Press . to maintain the ray.)
The ice beast hits you. The ice beast freezes you!
The searing ray misses the ice beast.
The ice beast hits you.
* * * LOW HITPOINT WARNING * * *
The ice beast freezes you!
* * * LOW HITPOINT WARNING * * *
Unknown command.
The searing ray hits the ice beast.
The ice beast is almost dead.
The ice beast hits you but does no damage.
Unknown command.
The searing ray hits the ice beast.
The ice beast is almost dead.
You finish channelling your searing ray.
The ice beast hits you.
You die...

...##.# #.##
##.))........ ..## .#
###...........
..>.<[.......
#.........##.
####....(....##.
####..........[.##.
..####....#..........##.
.......##...###..######.
.<....Y@..#####..######.
............(........>..
..#####################.
#. #. ##


You could see an ice beast.

Vanquished Creatures
  2 water moccasins (D:5)
  3 ogres
  A centaur (D:5)
  2 phantoms
  Blork the orc (D:4)
  A bullfrog (D:5)
  2 scorpions (D:6)
  A howler monkey (D:6)
  An iron imp (D:6)
  2 hounds
  Ijyb (D:3)
  3 iguanas (D:4)
  Natasha (D:1)
  An orc wizard (D:6)
  3 adders
  4 gnolls (D:2)
  A shadow imp (D:4)
  An ufetubus (D:4)
  A worm (D:5)
  A dart slug (D:5)
  10 orcs
  7 endoplasms
  2 giant cockroaches
  7 goblins
  3 hobgoblins
  5 jackals
  2 kobolds
  4 quokkas
  6 ball pythons
  3 bats
  3 frilled lizards
  5 rats
90 creatures vanquished.

Notes
Turn   | Place    | Note
-------+----------+-------------------------------------------
     0 | D:1      | PoweredByGinger the Human Conjurer began the quest for the
                  | Orb.
     0 | D:1      | Reached XP level 1. HP: 13/13 MP: 3/3
   241 | D:1      | Reached XP level 2. HP: 7/19 MP: 0/5
   681 | D:1      | Learned a level 2 spell: Searing Ray
   807 | D:1      | Reached XP level 3. HP: 24/24 MP: 3/6
   888 | D:1      | Found Cacsi's General Store.
  1214 | D:1      | Found a faded altar of an unknown god.
  1676 | D:2      | Reached XP level 4. HP: 30/30 MP: 1/7
  2286 | D:2      | Noticed Natasha
  2400 | D:1      | Killed Natasha
  2401 | D:1      | Reached XP level 5. HP: 5/35 MP: 4/9
  3189 | D:3      | Noticed Ijyb
  3205 | D:3      | Killed Ijyb
  3206 | D:3      | Reached skill level 5 in Conjurations
  3457 | D:4      | Found a sacrificial altar of Ru.
  3541 | D:4      | Found a staircase to the Ecumenical Temple.
  3551 | D:4      | Noticed a phantom
  3553 | Temple   | Entered the Ecumenical Temple
  3717 | Temple   | Became a worshipper of Sif Muna the Loreminder
  3769 | D:4      | Killed a phantom
  3770 | D:4      | Reached XP level 6. HP: 41/41 MP: 5/11
  3862 | D:4      | Noticed Blork the orc
  3870 | D:4      | Killed Blork the orc
  4179 | D:4      | Noticed an ogre
  4184 | D:4      | Killed an ogre
  4185 | D:4      | Reached XP level 7. HP: 46/46 MP: 5/12
  4867 | D:5      | Entered Level 5 of the Dungeon
  4867 | D:5      | Noticed a water moccasin
  4872 | D:5      | Killed a water moccasin
  4873 | D:5      | Reached skill level 6 in Conjurations
  4986 | D:5      | Found a radiant altar of Vehumet.
  4993 | D:5      | Noticed superbruh's ghost (novice FoFi)
  5012 | D:5      | Found a runed translucent door.
  5069 | D:5      | Found a bloodstained altar of Trog.
  5235 | D:5      | Found a burning altar of Makhleb.
  5388 | D:5      | Reached XP level 8. HP: 52/52 MP: 7/15
  5882 | D:6      | Reached skill level 5 in Spellcasting
  6026 | D:5      | Learned a level 3 spell: Dazzling Flash
  6030 | D:5      | Learned a level 3 spell: Mephitic Cloud
  6035 | D:5      | Learned a level 4 spell: Iskenderun's Mystic Blast
  6233 | D:6      | Reached skill level 7 in Conjurations
  6334 | D:6      | Reached * piety under Sif Muna
  6462 | D:6      | Found a snail-covered altar of Cheibriados.
  6626 | D:6      | Slain by an ice beast

Illustrated notes

Levels and vault maps discovered:
D:1:      nagdon_arrival_double_spiral, layout_loops_ring, serial_shops, shop,
          basic_ecumenical_altar
D:2:      layout_basic, hex_tiny, minmay_misc_feat_roman, uniq_natasha
D:3:      layout_rooms, uniq_ijyb
D:4:      layout_loops_cross, mainiacjoe_overflow_boulevard,
          minmay_temple_entry_butterflies, chequers_serial_rivers_marsh,
          uniq_blork_the_orc
D:5:      layout_rooms, vehumet_crystals, mainiacjoe_overflow_catch_the_wave,
          gammafunk_ghost_grave
D:6:      layout_rooms, slow_altar_2, abandoned_shop, corexii_shack,
          uniq_eustachio
Temple:   eino_temple_rhombus

Skill      XL: |  1  2  3  4  5  6  7  8 |
---------------+-------------------------+-----
Stealth        | 3 4 |  4.9
Spellcasting   | 3 4 5 |  5.6
Conjurations   | 5 6 7 |  7.2
Dodging        | 3 4 |  4.6

Action                     |  1- 3 |  4- 6 |  7- 9 || total
---------------------------+-------+-------+-------++-------
  Melee: Dagger            |    23 |    23 |       ||    46
   Cast: Magic Dart        |    53 |    32 |    26 ||   111
         Searing Ray       |     2 |    14 |    33 ||    49
   Stab: Sleeping          |       |     1 |       ||     1
 Armour: Robe              |     5 |     4 |     5 ||    14
  Dodge: Dodged            |    24 |    35 |    19 ||    78
